Map: Eternal Empire LE

Players

Erik

  • Race: Zerg Zerg
  • Spawn Location: 1:00

Kelazhur - Winner!

  • Race: Terran Terran
  • League: Master
  • Spawn Location: 7:00

Event: DreamHack SC2 Masters 2020 Summer Latin America

VOD

Have the link to the VOD?

Description

Time

  • Played on: June 24, 2020, 3:41 p.m.
  • Length: 16:14

All games in this series

Show
View Real Time Build Order
Export as new Build Order

Erik Zerg 

Build Orders: Hatch First, Lurkers 

Get SALT Encoding   

  12  0:01  Drone  
  13  0:09  Drone  
  14  0:16  Drone, Extractor  
  15  0:37  Hatchery  
  15  0:41  Extractor  
  13  0:43  Drone  
  15  0:51  Overlord  
  15  1:03  Spawning Pool  
  14  1:09  Drone  
  14  1:11  Drone  
  16  1:14  Drone  
  17  1:21  Drone  
  17  1:24  Extractor  
  17  1:31  Drone  
  18  1:42  Drone  
  19  1:49  Drone  
  19  1:50  Queen  
  19  1:51  Queen  
  24  1:58  Drone  
  24  2:00  Drone  
  26  2:16  Hatchery  
  25  2:23  Drone  
  25  2:24  Metabolic Boost  
  26  2:30  Overlord  
  26  2:36  Drone x2  
  28  2:46  Overlord  
  28  2:49  Drone x3  
  31  2:53  Drone  
  31  2:55  Drone  
  33  3:00  Drone x3  
  36  3:11  Queen  
  38  3:13  Zergling x4  
  38  3:16  Zergling x2  
  38  3:19  Overlord  
  41  3:27  Overlord  
  41  3:29  Queen  
  41  3:30  Drone x2  
  41  3:32  Drone  
  41  3:33  Drone  
  47  3:38  Drone  
  47  3:39  Drone  
  49  3:48  Zergling x4  
  49  3:50  Queen  
  52  4:02  Zergling x4  
  52  4:03  Overlord  
  52  4:04  Drone x2  
  52  4:09  Drone x2  
  56  4:12  Baneling Nest  
  56  4:13  Queen  
  56  4:17  Overlord  
  55  4:20  Drone  
  55  4:21  Drone x2  
  55  4:24  Drone x5  
  63  4:25  Spore Crawler  
  62  4:31  Spore Crawler  
  62  4:33  Drone x2  
  62  4:35  Spore Crawler, Queen  
  64  4:42  Zergling x6  
  67  4:46  Lair  
  67  4:48  Extractor  
  67  4:51  Zergling x6  
  69  4:56  Drone x3  
  69  4:59  Drone x2  
  74  5:02  Extractor  
  74  5:03  Extractor  
  69  5:21  Drone x4  
  72  5:28  Overlord  
  72  5:30  Drone  
  72  5:34  Overlord  
  73  5:38  Overlord x2  
  71  5:44  Drone x3  
  71  5:45  Overlord  
  71  5:46  Overlord, Overseer  
  71  5:48  Drone x5  
  75  5:52  Drone x2  
  75  5:56  Drone x3  
  80  6:00  Centrifical Hooks  
  80  6:04  Evolution Chamber  
  77  6:07  Evolution Chamber  
  77  6:08  Drone x5  
  81  6:11  Extractor  
  81  6:20  Hatchery, Extractor  
  81  6:24  Zergling x2  
  81  6:25  Zergling x8  
  84  6:27  Drone  
  84  6:32  Drone x2  
  87  6:33  Hydralisk Den  
  87  6:38  Zergling x6  
  87  6:39  Zergling x2  
  90  6:43  Baneling  
  90  6:44  Baneling x13  
  90  6:46  Zergling x6  
  92  6:54  Drone x2  
  94  6:56  Zergling x8  
  97  7:11  Zergling x14  
  100  7:27  Zerg Melee Weapons Level 1, Zerg Ground Armor Level 1  
  100  7:29  Muscular Augments  
  100  7:30  Hydralisk x5  
  100  7:33  Zergling x16, Hatchery  
  117  7:43  Hydralisk x3  
  122  7:53  Baneling  
  122  7:54  Baneling x6  
  122  7:55  Zergling x12  
  128  7:59  Overlord  
  128  8:00  Overlord x4  
  114  8:15  Zergling x2  
  114  8:16  Zergling x14  
  118  8:22  Drone x6  
  117  8:31  Drone x4  
  121  8:36  Infestation Pit  
  121  8:38  Zergling x12  
  121  8:39  Zergling x4  
  121  8:40  Grooved Spines, Baneling x4  
  121  8:41  Baneling x6  
  128  8:48  Queen  
  128  8:51  Hydralisk x5  
  128  8:52  Unknown  
  139  8:57  Drone x6  
  145  9:04  Zergling x2  
  145  9:05  Zergling x14  
  143  9:19  Hive  
  143  9:21  Lurker Den  
  143  9:22  Drone x2  
  143  9:23  Drone  
  145  9:24  Drone x4  
  145  9:26  Zergling x14, Extractor  
  151  9:43  Drone  
  149  9:51  Zergling x32  
  165  9:54  Hatchery, Zerg Melee Weapons Level 2  
  165  9:55  Zerg Ground Armor Level 2  
  163  10:04  Drone x3  
  163  10:06  Drone x3  
  159  10:20  Zergling x10  
  154  10:33  Baneling x11  
  144  10:43  Hydralisk x3  
  144  10:44  Hydralisk x8  
  144  10:48  Adaptive Talons  
  154  11:00  Zergling x18  
  157  11:24  Zergling x20  
  164  11:26  Queen  
  164  11:32  Hatchery, Overlord x6  
  163  11:35  Baneling x16  
  163  11:43  Hatchery  
  161  11:51  Viper x3  
  169  11:58  Zergling x22  
  170  12:02  Lurker x7  
  177  12:12  Queen  
  177  12:15  Zergling x12  
  180  12:16  Zergling x18  
  180  12:19  Seismic Spines  
  194  12:35  Hydralisk x3  
  198  12:58  Nydus Network x2  
  173  13:24  Hydralisk  
  173  13:25  Hydralisk x19  
  187  13:36  Extractor x2  
  187  13:38  Zergling x18  
  187  13:39  Zergling x8  
  198  13:46  Viper  
  177  14:04  Zergling x18  
  177  14:05  Zergling x2  
  178  14:16  Adrenal Glands  
  176  14:23  Zergling x16  
  178  14:26  Baneling  
  178  14:27  Baneling x7  
  177  14:44  Zergling x2  
  177  14:45  Zergling x14  
  183  14:55  Baneling x9  
  183  15:03  Zergling x2  
  183  15:04  Zergling x10  
  183  15:05  Overlord x2  
  183  15:06  Baneling x8  
  183  15:07  Baneling x6  
  189  15:09  Overlord  
  139  15:32  Zergling x22  
  116  15:39  Hydralisk  
  116  15:40  Hydralisk x2  
  107  15:45  Hydralisk x9  
Show
View Real Time Build Order
Export as new Build Order

Kelazhur Terran - Winner!

Build Orders: Reaper Expand, Hellion Banshee 

Get SALT Encoding   

  12  0:01  SCV  
  13  0:13  SCV  
  14  0:17  Supply Depot  
  14  0:25  SCV  
  15  0:39  SCV, Barracks  
  16  0:43  Refinery  
  16  0:51  SCV  
  17  1:03  SCV  
  18  1:15  SCV  
  19  1:27  Reaper, Orbital Command  
  20  1:39  Command Center  
  20  1:48  Supply Depot  
  20  1:53  SCV  
  21  1:58  Marine  
  22  2:05  Factory  
  22  2:09  SCV  
  23  2:16  Refinery  
  23  2:21  Barracks Reactor  
  23  2:22  SCV  
  24  2:34  SCV  
  25  2:46  SCV  
  25  2:51  Orbital Command  
  26  2:53  Starport  
  26  2:59  SCV  
  26  3:02  Hellion x2  
  31  3:08  Barracks Tech Lab  
  31  3:12  SCV  
  32  3:18  SCV, Supply Depot  
  33  3:23  Hellion x2  
  33  3:24  SCV  
  38  3:30  SCV  
  39  3:37  Cloaking Field, Banshee  
  42  3:44  SCV x2  
  44  3:52  Hellion x2  
  48  4:00  SCV  
  47  4:03  SCV  
  47  4:06  Supply Depot  
  48  4:12  SCV  
  48  4:15  SCV  
  50  4:19  Command Center  
  50  4:20  Barracks Tech Lab  
  50  4:21  Banshee  
  53  4:24  SCV  
  53  4:28  SCV  
  55  4:34  Supply Depot  
  55  4:38  Factory Reactor, Barracks x2  
  55  4:40  SCV  
  55  4:42  SCV  
  57  4:48  Stimpack, Marine  
  57  4:52  SCV  
  59  4:55  SCV  
  60  5:01  Engineering Bay  
  60  5:02  Engineering Bay  
  60  5:03  Refinery  
  60  5:04  SCV, Refinery  
  61  5:07  Marine  
  61  5:08  SCV  
  63  5:16  SCV  
  61  5:21  SCV, Starport Reactor  
  61  5:28  Marine x2  
  63  5:29  SCV  
  63  5:32  Terran Infantry Weapons Level 1, Terran Infantry Armor Level 1  
  63  5:33  SCV  
  63  5:34  Orbital Command  
  62  5:36  Marine x2  
  62  5:38  Marine  
  62  5:41  SCV  
  66  5:45  SCV, Marine, Siege Tank  
  66  5:46  Marine  
  72  5:53  SCV  
  72  5:55  Marine  
  72  5:56  Marine x2, Barracks  
  76  5:57  Barracks  
  76  6:03  Medivac x2  
  80  6:05  Marine x2  
  80  6:10  Orbital Command  
  82  6:11  SCV  
  82  6:16  Marine x2  
  85  6:23  Supply Depot x2  
  85  6:27  Combat Shield  
  85  6:30  Supply Depot  
  85  6:37  Supply Depot  
  85  6:44  Armory, Medivac x2, SCV x2, Marine x5  
  85  6:45  Siege Tank  
  99  6:47  Barracks Reactor x2  
  99  6:49  SCV  
  99  6:50  Supply Depot  
  100  6:56  SCV x2  
  103  7:01  SCV  
  103  7:02  Marine x4  
  107  7:09  Marine  
  107  7:13  SCV x2  
  107  7:14  SCV  
  107  7:15  Supply Depot  
  111  7:17  Medivac  
  111  7:20  Marine x4  
  118  7:24  Marine  
  118  7:25  Marine x3  
  118  7:27  Marine  
  117  7:31  Terran Infantry Weapons Level 2  
  117  7:33  Siege Tank  
  117  7:37  Refinery, Marine x2  
  120  7:39  Terran Infantry Armor Level 2, Marine x2  
  120  7:44  Marine x2  
  122  7:45  Marine  
  122  7:48  SCV, Supply Depot  
  126  7:52  SCV  
  126  7:54  Marine  
  126  7:57  Medivac x2  
  132  8:07  Supply Depot  
  117  8:22  Marine  
  117  8:23  Marine x8  
  117  8:25  SCV x3  
  110  8:27  Medivac x2  
  114  8:37  SCV  
  114  8:40  SCV x2, Marine x2  
  119  8:45  Factory, Siege Tank  
  119  8:46  Command Center  
  122  8:49  SCV  
  122  8:51  Terran Vehicle Weapons Level 1  
  122  8:52  SCV x2  
  122  8:55  Marine x4  
  129  9:01  SCV  
  130  9:04  SCV  
  130  9:05  Medivac x2, Marine  
  136  9:13  Marine x8  
  136  9:14  SCV x2  
  146  9:21  Supply Depot  
  146  9:22  Supply Depot  
  146  9:23  Marine  
  147  9:25  Supply Depot  
  147  9:29  SCV x2  
  147  9:31  Factory Tech Lab  
  149  9:32  Supply Depot  
  149  9:39  SCV  
  149  9:41  Medivac  
  149  9:42  SCV, Medivac  
  152  9:50  Marauder, Marine  
  153  9:53  Supply Depot, Terran Infantry Weapons Level 3  
  153  9:54  Supply Depot, Marine  
  153  9:55  Marine  
  155  10:07  Supply Depot  
  155  10:08  SCV x3  
  155  10:10  Terran Infantry Armor Level 3  
  155  10:16  Siege Tank  
  155  10:18  Marine x4  
  155  10:20  SCV  
  148  10:26  Marine x5  
  153  10:29  Siege Tank  
  156  10:43  Marine x4  
  156  10:45  Medivac x2, Marauder  
  156  10:47  Planetary Fortress  
  156  10:48  Supply Depot  
  147  10:57  Marine  
  147  11:02  SCV x3, Sensor Tower  
  151  11:04  Marine x3  
  151  11:07  Terran Vehicle Weapons Level 2  
  154  11:12  Marine  
  154  11:13  Marauder  
  154  11:14  SCV x3  
  158  11:22  Marine  
  158  11:23  Marine  
  155  11:28  Siege Tank x2  
  155  11:29  SCV  
  155  11:30  SCV x2  
  164  11:34  Marauder, Missile Turret  
  164  11:39  Marine x4  
  170  11:48  Marine  
  170  11:53  Refinery, Marine x3  
  174  11:56  Marauder  
  174  11:57  Marine x4  
  174  11:58  Command Center  
  174  12:00  Siege Tank  
  172  12:04  Barracks, Siege Tank  
  172  12:06  Marine, Barracks  
  176  12:09  Liberator  
  176  12:11  Marine x3  
  176  12:15  Marine x2  
  183  12:17  Marine x2  
  183  12:19  Marauder  
  185  12:24  Marine  
  185  12:29  Marine x2  
  188  12:32  Marine  
  188  12:33  Siege Tank  
  188  12:35  Unknown  
  188  12:36  Ghost Academy, Siege Tank  
  188  12:37  Marine, Barracks  
  195  12:41  Marauder  
  198  12:44  Marine x2  
  200  12:56  Barracks Tech Lab x2  
  194  13:16  Marauder, Marine  
  194  13:17  Siege Tank x2  
  198  13:23  Marauder, Marine x2  
  198  13:24  Marine x3  
  198  13:25  Terran Vehicle Weapons Level 3  
  196  13:32  Marine  
  196  13:33  Marauder  
  198  13:35  Marine  
  198  13:36  Marine  
  200  13:48  Marauder, Marine x2  
  199  13:49  Siege Tank  
  199  14:01  Marine x2  
  199  14:02  Marauder, Marine x2  
  185  14:03  Marine x3  
  185  14:05  Marine  
  185  14:06  Marine  
  185  14:09  Command Center, Marine, Siege Tank  
  179  14:19  Marine x2  
  179  14:20  Marine x4  
  179  14:21  Marauder, Siege Tank  
  179  14:22  Marine  
  179  14:23  Marine  
  189  14:24  Marine  
  189  14:26  Marine  
  189  14:29  SCV  
  193  14:37  Medivac x2, Marine  
  196  14:41  Marauder  
  196  14:42  Marauder  
  198  14:46  Marauder  
  191  15:22  Marine  
  191  15:23  Marauder  
  191  15:25  Marauder  
  191  15:26  Marine  
  191  15:28  Siege Tank  
  174  15:33  Missile Turret  
  174  15:35  Marauder  
  145  15:38  Marine  
  145  15:41  Marine x6  
  144  15:44  Marauder, Marine  
  144  15:47  Marauder  
  149  15:56  Marine x2  
  149  16:05  Factory Tech Lab  
  149  16:08  Command Center  
  149  16:09  Command Center  
Tags
 
Add a new tag
Caveats
  • Supply blocks, unpowered buildings, or Contaminate may cause inaccurate times.
  • Supply counts are checked every 10 seconds.